Map: Orbital Shipyard

Players

Nukedexcedo - Winner!

  • Race: Protoss Protoss
  • League: Master

Miszu

  • Race: Zerg Zerg
  • League: Master

VOD

Have the link to the VOD?

Description

Time

  • Played on: March 6, 2016, 5:50 p.m.
  • Length: 9:44
Show
View Real Time Build Order
Export as new Build Order

Nukedexcedo Protoss - Winner!

Build Orders: 1 Gate Expand, Zealot Archon, Dark Templar Rush 

Get SALT Encoding   

  12  0:01  Probe (Chrono Boost)  
  13  0:11  Probe (Chrono Boost)  
  14  0:17  Pylon  
  14  0:22  Probe (Chrono Boost)  
  15  0:36  Probe (Chrono Boost)  
  15  0:37  Gateway  
  16  0:42  Assimilator  
  16  0:46  Probe (Chrono Boost)  
  18  0:57  Probe (Chrono Boost)  
  18  1:07  Probe (Chrono Boost)  
  19  1:18  Probe (Chrono Boost)  
  20  1:24  Nexus  
  20  1:34  Cybernetics Core  
  20  1:38  Probe (Chrono Boost)  
  21  1:45  Assimilator  
  21  1:49  Probe (Chrono Boost)  
  22  1:55  Pylon  
  22  2:00  Probe (Chrono Boost)  
  23  2:13  Stalker (Chrono Boost), Warp Gate (Chrono Boost), Probe  
  26  2:26  Twilight Council  
  26  2:28  Probe  
  27  2:36  Probe (Chrono Boost)  
  27  2:40  Probe (Chrono Boost)  
  29  2:45  Stalker  
  29  2:48  Probe (Chrono Boost)  
  29  2:51  Probe  
  33  3:01  Pylon  
  33  3:11  Dark Shrine  
  33  3:13  Probe  
  33  3:14  Probe  
  35  3:23  Probe  
  35  3:25  Robotics Facility  
  35  3:26  Probe  
  37  3:34  Probe  
  37  3:38  Probe (Chrono Boost)  
  37  3:40  Gateway  
  39  3:42  Gateway  
  39  3:48  Probe (Chrono Boost)  
  40  3:52  Pylon, Probe (Chrono Boost)  
  41  3:59  Probe (Chrono Boost)  
  42  4:03  Probe (Chrono Boost)  
  42  4:05  Assimilator  
  42  4:09  Assimilator  
  43  4:10  Mothership Core (Chrono Boost)  
  43  4:12  Warp Prism (Chrono Boost)  
  43  4:16  Probe  
  47  4:19  Pylon  
  47  4:23  Dark Templar  
  50  4:26  Probe  
  51  4:33  Probe  
  51  4:37  Dark Templar, Probe  
  54  4:43  Dark Templar  
  57  4:47  Probe x2  
  59  4:57  Pylon  
  59  4:59  Pylon  
  59  5:04  Nexus  
  59  5:08  Probe  
  59  5:09  Probe  
  59  5:12  Charge (Chrono Boost)  
  61  5:16  Immortal (Chrono Boost)  
  65  5:33  Dark Templar, Zealot  
  65  5:34  Zealot, Probe  
  71  5:36  Probe  
  71  5:47  Probe  
  71  5:48  Probe  
  71  5:50  Immortal (Chrono Boost)  
  75  5:58  Probe  
  75  6:00  Gateway, Probe  
  75  6:01  Gateway  
  75  6:02  Pylon  
  75  6:04  Pylon  
  77  6:09  Archon, Probe  
  77  6:10  Archon  
  78  6:12  Probe  
  78  6:17  Robotics Facility  
  79  6:21  Probe  
  79  6:22  Probe  
  79  6:24  Probe  
  82  6:29  Pylon  
  82  6:32  Gateway, Probe  
  82  6:34  Probe  
  82  6:35  Gateway  
  84  6:42  Immortal (Chrono Boost)  
  84  6:43  Stalker x3  
  94  6:47  Probe  
  94  6:49  Probe x2  
  94  6:53  Assimilator  
  97  6:54  Pylon  
  97  6:57  Assimilator  
  97  7:01  Zealot x2  
  97  7:02  Probe x2  
  97  7:04  Immortal (Chrono Boost)  
  107  7:25  Gateway  
  107  7:27  Gateway  
  107  7:41  Zealot x6  
  107  7:43  Immortal x2 (Chrono Boost)  
  127  7:47  Probe x2  
  119  7:54  Templar Archives  
  119  7:59  Zealot  
  121  8:07  Robotics Facility, Zealot x2  
  121  8:08  Zealot x2  
  129  8:13  Pylon  
  129  8:14  Pylon  
  129  8:17  Warp Prism (Chrono Boost)  
  131  8:27  Zealot  
  131  8:32  Immortal (Chrono Boost)  
  131  8:33  High Templar x3, Pylon  
  131  8:34  High Templar x3  
  147  8:35  Pylon  
  147  8:37  Archon x2, Pylon  
  147  8:38  Archon  
  149  8:59  Zealot x3  
  155  9:03  Immortal (Chrono Boost)  
  155  9:06  Immortal (Chrono Boost)  
  155  9:09  Immortal (Chrono Boost)  
  167  9:21  Zealot x3  
  169  9:34  Zealot x6  
Show
View Real Time Build Order
Export as new Build Order

Miszu Zerg 

Build Orders: Hatch First 

Get SALT Encoding   

  12  0:00  Drone  
  13  0:12  Overlord  
  13  0:21  Drone  
  14  0:32  Drone x2  
  17  0:35  Drone  
  17  0:45  Drone  
  18  0:55  Hatchery  
  17  0:58  Drone  
  18  1:11  Spawning Pool  
  17  1:14  Drone  
  17  1:17  Drone  
  19  1:23  Extractor  
  18  1:29  Drone  
  19  1:56  Overlord  
  19  1:57  Drone  
  19  1:58  Queen  
  22  2:09  Zergling x4  
  22  2:13  Drone  
  22  2:14  Queen  
  27  2:21  Drone  
  27  2:22  Drone  
  29  2:32  Hatchery  
  29  2:34  Drone x2  
  30  2:40  Drone  
  30  2:43  Metabolic Boost  
  31  2:48  Drone  
  32  2:53  Drone  
  32  2:55  Drone  
  34  3:02  Drone  
  34  3:11  Overlord, Drone  
  35  3:25  Overlord  
  35  3:30  Roach Warren  
  35  3:33  Drone x6  
  40  3:35  Drone  
  40  3:40  Drone x2  
  43  3:45  Overlord  
  43  3:48  Queen  
  43  3:52  Extractor  
  43  3:53  Overlord, Extractor  
  43  3:56  Lair  
  43  4:03  Drone x2  
  43  4:04  Drone x2  
  43  4:07  Drone x3  
  43  4:09  Drone  
  51  4:11  Drone  
  52  4:18  Drone x2  
  52  4:20  Overlord  
  52  4:22  Roach  
  56  4:25  Roach  
  56  4:27  Roach  
  60  4:34  Roach  
  60  4:35  Roach x2  
  66  4:39  Roach x2  
  66  4:43  Roach  
  66  4:45  Roach  
  74  4:47  Roach  
  74  4:48  Roach  
  78  4:53  Glial Reconstitution  
  78  4:55  Overseer  
  78  4:56  Roach  
  78  4:57  Zergling x2  
  81  5:04  Overlord x3  
  81  5:16  Drone  
  82  5:24  Overseer  
  82  5:26  Drone x12  
  93  5:32  Drone x2  
  91  5:52  Evolution Chamber  
  91  5:54  Hydralisk Den  
  91  5:55  Hatchery  
  88  6:02  Drone x5  
  88  6:04  Extractor  
  92  6:05  Extractor  
  91  6:12  Overseer  
  91  6:19  Overlord x2  
  91  6:25  Muscular Augments  
  91  6:29  Extractor  
  74  6:47  Drone x11  
  80  6:52  Drone  
  85  7:01  Roach  
  87  7:03  Hydralisk x3  
  87  7:05  Zerg Melee Weapons Level 1  
  93  7:10  Queen  
  93  7:12  Hydralisk, Roach  
  93  7:13  Hydralisk  
  93  7:14  Hydralisk  
  103  7:18  Zergling x4  
  103  7:20  Zergling x2  
  103  7:22  Zergling x4  
  108  7:25  Spore Crawler  
  108  7:26  Spine Crawler  
  108  7:27  Hydralisk  
  103  7:40  Hydralisk  
  103  7:41  Hydralisk  
  107  7:46  Hydralisk x2  
  107  7:47  Hydralisk  
  107  7:48  Zergling x2  
  114  7:58  Overlord x4  
  114  8:14  Overlord x2  
  114  8:19  Infestation Pit  
  113  8:21  Hydralisk  
  114  8:27  Hydralisk  
  114  8:28  Hydralisk  
  114  8:29  Hatchery  
  114  8:31  Drone x3  
  120  8:45  Hydralisk x2  
  124  8:52  Hydralisk x4  
  124  8:55  Hydralisk  
  132  9:01  Hydralisk  
  136  9:14  Hydralisk  
  136  9:15  Hydralisk  
  140  9:17  Hydralisk  
Tags
 
Add a new tag
Caveats
  • Supply blocks, unpowered buildings, or Contaminate may cause inaccurate times.
  • Supply counts are checked every 10 seconds.